AoeStats
← I QUIT FOR THE SICK MAP

Black Forest

507456581Analyzed
4v4 RM · 15d ago on Sep 18, 2026· 51m 18s· 8 players
Game mode
Random Map
Map size
Large (8 player)
Population
200
Speed
Normal
Resources
Standard
Victory
Conquest
Starting age
Dark Age
Ending age
Imperial Age
RankedLock teamsTeams togetherTeam positionsShared explorationLock speedFull tech treeHidden civsTurbo modeCheats
Victory
Defeat
🇹🇷 Cumans · Türkiye
890
+14
🇨🇿 Hindustanis · Czechia
841
+16
🇺🇸 Bohemians · United States
837
+16
🇨🇳 Georgians · China
806
+17
🇨🇳 Franks · China
916
-20
🇨🇳 Vikings · China
900
-18
🇨🇳 Wei · China
772
-13
🇩🇪 Teutons · Germany
748
-12
gorilla87
0:29 Loom
13:14 Feudal Age
16:17 Double-Bit Axe
18:55 Castle Age
18:18 Horse Collar
21:17 Bow Saw
22:09 Wheelbarrow
23:04 Fervor
23:14 Sanctity
26:12 Heavy Plow
30:01 Treadmill Crane
32:55 Imperial Age
31:43 Chemistry
31:05 Ballistics
32:55 Hand Cart
32:49 Pikeman
33:29 Squires
33:54 Halberdier
35:31 Elite Skirmisher
36:30 Forging
36:21 Scale Mail Armor
36:23 Padded Archer Armor
36:13 Fletching
35:58 Houfnice
40:39 Iron Casting
40:20 Chain Mail Armor
47:16 Plate Mail Armor
47:47 Blast Furnace
48:30 Conscription
48:49 Caravan
kinqpinq
Jundorff
1:50 Loom
12:48 Feudal Age
14:14 Wheelbarrow
17:57 Castle Age
16:09 Double-Bit Axe
16:52 Fishing Lines
17:06 Stone Mining
18:54 Hand Cart
18:55 Gold Mining
19:01 Gillnets
29:03 Padded Archer Armor
29:49 Masonry
31:08 Fletching
31:20 Scale Mail Armor
31:38 Horse Collar
37:26 Imperial Age
34:43 Town Watch
35:14 Forging
35:37 Squires
37:14 Ballistics
37:06 Fortified Wall
37:35 Iron Casting
37:50 Heavy Camel Rider
38:32 Husbandry
38:44 Bloodlines
38:45 Scale Barding Armor
39:41 Blast Furnace
39:46 Gold Shaft Mining
39:13 Heavy Plow
40:34 Chain Barding Armor
43:00 Chemistry
41:49 Light Cavalry
42:13 Imperial Camel Rider
44:07 Plate Barding Armor
44:57 Leather Archer Armor
44:58 Murder Holes
44:28 Hussar
44:44 Elite Skirmisher
46:21 Bodkin Arrow
无奈独上青楼
0:37 Loom
12:51 Feudal Age
18:49 Castle Age
16:36 Double-Bit Axe
16:52 Stone Mining
20:50 Fervor
28:47 Sanctity
29:22 Wheelbarrow
32:01 Imperial Age
29:45 Forging
29:41 Scale Barding Armor
30:24 Stone Shaft Mining
30:07 Bow Saw
29:48 Gold Mining
30:02 Gold Mining
32:25 Elite Monaspa
33:27 Conscription
33:43 Hand Cart
33:14 Town Watch
34:16 Iron Casting
34:01 Chain Barding Armor
35:55 Aznauri Cavalry
37:37 Blast Furnace
37:12 Plate Barding Armor
39:46 Treadmill Crane
40:19 Fortified Wall
41:03 Caravan
42:40 Siege Engineers
44:30 Husbandry
44:40 Bloodlines
yuied
6:58 Loom
14:01 Feudal Age
15:33 Double-Bit Axe
20:06 Castle Age
18:08 Gold Mining
20:20 Fletching
24:24 Bodkin Arrow
23:51 Crossbowman
26:59 Padded Archer Armor
26:57 Stone Mining
27:09 Horse Collar
29:21 Ballistics
29:25 Town Watch
33:23 Imperial Age
32:04 Heavy Plow
33:19 Bow Saw
33:27 Fortified Wall
34:13 Town Patrol
35:26 Chemistry
34:28 Bracer
34:44 Leather Archer Armor
35:58 Arbalester
36:05 Cavalier
39:05 Caravan
41:28 Conscription
41:13 Bogsveigar
40:53 Light Cavalry
43:07 Ring Archer Armor
44:33 Two-Man Saw
I QUIT FOR THE SICK MAP
1:00 Loom
Kai871
15:57 Feudal Age
23:44 Castle Age
22:00 Gold Mining
22:00 Stone Mining
21:51 Horse Collar
22:00 Double-Bit Axe
26:56 Loom
28:25 Fervor
29:07 Fortified Wall
29:17 Ballistics
28:48 Heated Shot
29:34 Pikeman
30:14 Squires
30:00 Arson
30:00 Gambesons
29:36 Man-at-Arms
30:57 Stone Shaft Mining
30:29 Heavy Plow
30:41 Bow Saw
33:03 Forging
32:53 Scale Mail Armor
41:08 Imperial Age
41:27 Halberdier
76561199018652089
11:09 Feudal Age
15:15 Castle Age
13:57 Double-Bit Axe
17:54 Bow Saw
25:12 Gold Mining
27:03 Gold Shaft Mining
32:33 Imperial Age
30:15 Scale Barding Armor
30:21 Forging
30:56 Wheelbarrow
30:08 Town Watch
30:10 Loom
32:05 Chain Barding Armor
32:25 Hand Cart
33:13 Iron Casting
32:38 Cavalier
33:21 Husbandry
33:47 Conscription
34:09 Plate Barding Armor
33:57 Paladin
36:38 Blast Furnace
Connection lost

Rejoining the realm…

Still unreachable

The connection could not be restored.

Session expired

The server has moved on; the page needs a fresh start.